 Dungeon Crawl Stone Soup version 0.29-a0-598-gd8304a5bf4 (webtiles) character file.

Game seed: 15283609630441116386

1596 testman the Cleaver (level 9, -9/83 HPs)
             Began as a Meteoran Fighter on June 15, 2022.
             Was a Priest of Jiyva.
             Mangled by a spriggan
             ... wielding a +0 spear
              (13 damage)
             ... in a bailey.
             The game lasted 00:15:05 (1962 turns).

testman the Cleaver (Meteoran Fighter)              Turns: 1962, Time: 00:15:05

Health: -9/83      AC: 10    Str: 23    XL:     9   Next: 37%
Magic:  3/10       EV:  9    Int: 10    God:    Jiyva [***...]
Gold:   114        SH:  5    Dex: 13    Spells: 8/8 levels left

rFire   . . .      SeeInvis .   a - +0 war axe
rCold   + + +      Faith    .   c - +0 buckler
rNeg    + . .      Spirit   .   b - +0 scale mail
rPois   .          Reflect  .   (no helmet)
rElec   .          Harm     .   h - +0 cloak
rCorr   +          Rampage  .   (no gloves)
Will    ++...                   o - +1 pair of boots of the Trilobite {rN+}
Stlth   ..........              (no amulet)
HPRegen 1.35/turn               m - ring of willpower
MPRegen 0.47/turn               (no ring)

@: brilliant, slimy, calling ooze, glowing
A: sense surroundings 2, otherworldly, glowing, explore regen, cold resistance
3, jelly absorbing missiles
a: Renounce Religion, Oozemancy


You were in a bailey.
You worshipped Jiyva.
Jiyva was most pleased with you.
You visited 1 branch of the dungeon, and saw 7 of its levels.
You also visited: Sewer and Bailey.

You collected 114 gold pieces.

Inventory:

Hand Weapons
 a - a +0 war axe (weapon)
Missiles
 f - 3 boomerangs (quivered)
 q - 16 poisoned darts
Armour
 b - a +0 scale mail (worn)
 c - a +0 buckler (worn)
 h - a +0 cloak (worn)
 o - the +1 pair of boots of the Trilobite (worn) {rN+}
   (You found it on level 3 of the Dungeon)

   rN:        It protects you from negative energy.
Jewellery
 e - a ring of fire
 g - a ring of fire
 m - a ring of willpower (left hand)
Scrolls
 i - a scroll of torment
 k - a scroll of vulnerability
 p - a scroll of poison
Potions
 s - 3 potions of flight


   Skills:
 + Level 9.0 Fighting
 + Level 9.4 Axes
 - Level 4.0 Armour
 - Level 4.0 Shields


You had 8 spell levels left.
You didn't know any spells.
Your spell library contained the following spells:

 Spells                   Type           Power      Damage    Failure   Level
 Summon Small Mammal      Summ           0%         N/A       77%         1
 Call Canine Familiar     Summ           0%         N/A       98%         3
 Summon Guardian Golem    Hex/Summ       0%         N/A       98%         3


Dungeon Overview and Level Annotations

Branches:
Dungeon (7/15) Zot: 2456   Temple (0/1) D:6           Sewer (visited)
 Bailey (1/1) Zot: 506

Altars:
Elyvilon
Qazlal
Zin
Jiyva


Innate Abilities, Weirdness & Mutations

You passively map the area around you.
You are easily found by Zot.
You glow in the dark.
You regain HP and MP as you explore.
Your flesh is almost immune to the effects of cold. (rC+++)
You have a small jelly attached to you that may absorb projectiles.


Message History

The spriggan splashes around in the water.
You slash the spriggan!
The spriggan is almost dead.
You hit the spriggan. The spriggan barely misses you.
The spriggan splashes around in the water. x2
You slash the spriggan!
You kill the spriggan!
You hear a splash.
You closely miss the spriggan.
The spriggan hits you but does no damage.
The spriggan hits you from afar with a +0 spear!
* * * LOW HITPOINT WARNING * * *
The spriggan hits you but does no damage.
Your Fighting skill increases to level 9!
You miss the spriggan.
The spriggan is moderately wounded.
The spriggan closely misses you. The spriggan hits you with a +0 spear.
* * * LOW HITPOINT WARNING * * *
You barely miss the spriggan.
The spriggan is moderately wounded.
The spriggan splashes around in the water.
The spriggan hits you with a +0 spear!
* * * LOW HITPOINT WARNING * * *
Okay, then.
Unknown command.
Activating: Oozemancy (5% risk of failure)
Press: ? - help, Dir - look around, f - activate Slime begins to ooze from the nearby walls!
The wall burns the spriggan!
The spriggan splashes around in the water.
The spriggan completely misses you.
Really walk into that cloud of poison gas?
Okay, then.
Okay, then.
A thick mucus forms on your +0 war axe.
You can no longer turn your foes to slime.
The wall burns the spriggan!
The spriggan splashes around in the water.
The spriggan hits you with a +0 spear!
You die...

#.. * , #..#
,#..# , # * #..#
#°, , , *,,♣..#
, ♣☼°* * #..# ,,
§○♣♣♣ ##..# . *
☼○., ,##.°##
*.§####i♣###°§##
#§☼○§§§)@§☼§##
##○☼§○☼i§§°##
##§°§§°§§##
#########


You could see 2 spriggans.

Vanquished Creatures
  2 spriggans (Bailey)
  A water moccasin (D:7)
  An ice beast (D:6)
  An orc warrior (D:7)
  5 ogres (Bailey)
  A kobold brigand (Sewer)
  A necrophage (D:6)
  2 scorpions
  Crazy Yiuf (D:2)
  2 hounds (D:6)
  An orc priest (D:6)
  2 orc wizards (D:6)
  A mummy (D:4)
  2 gnolls (D:7)
  6 adders
  2 river rats (Sewer)
  A white imp (D:7)
  A worm (D:4)
  A dart slug (D:4)
  2 orcs
  2 bats
  2 endoplasms (D:1)
  5 giant cockroaches
  3 goblins
  4 hobgoblins
  3 kobolds
  A quokka (D:3)
  6 ball pythons
  A hobgoblin zombie (D:4)
  2 kobold zombies (D:4)
  An orc zombie (D:4)
  5 rats
71 creatures vanquished.

Vanquished Creatures (others)
  Grinder (D:3)
  An ice beast (D:7)
  2 ogres
  A phantom (D:6)
  A kobold brigand (Sewer)
  12 jellies
  An orc wizard (D:7)
  A worm (D:2)
  2 orcs (D:7)
  2 endoplasms (D:4)
  A giant cockroach (D:2)
  2 goblins
  2 hobgoblins
  A quokka (D:2)
  3 kobolds
  A rat (D:2)
  3 plants (D:1)
37 creatures vanquished.

Grand Total: 108 creatures vanquished

Notes
Turn   | Place    | Note
-------+----------+-------------------------------------------
     0 | D:1      | testman the Meteoran Fighter began the quest for the Orb.
     0 | D:1      | Reached XP level 1. HP: 19/19 MP: 2/2
   178 | D:1      | Reached XP level 2. HP: 25/26 MP: 3/3
   248 | D:2      | Found a faded altar of an unknown god.
   252 | D:2      | Prayed at the altar of an unknown god.
   252 | D:2      | Became a worshipper of Jiyva Jijeodyr the Shapeless
   252 | D:2      | Reached * piety under Jiyva
   393 | D:2      | Killed an ogre
   408 | D:2      | Found a runed translucent door.
   409 | D:2      | Noticed Crazy Yiuf
   423 | D:2      | Killed Crazy Yiuf
   424 | D:2      | Reached XP level 3. HP: 5/33 MP: 4/4
   424 | D:2      | Reached XP level 4. HP: 6/40 MP: 5/5
   593 | D:4      | Reached XP level 5. HP: 47/47 MP: 6/6
   661 | D:4      | Reached ** piety under Jiyva
   695 | D:4      | Found a white marble altar of Elyvilon.
   768 | D:3      | Identified the +1 pair of boots of the Trilobite {rN+}
   786 | D:3      | Noticed Grinder
   788 | D:3      | Paralysed by Grinder for 2 turns
   792 | D:3      | Paralysed by Grinder for 2 turns
   803 | D:3      | Killed Grinder
   804 | D:3      | Reached skill level 5 in Fighting
   804 | D:3      | Reached skill level 5 in Axes
   804 | D:3      | Reached XP level 6. HP: 44/56 MP: 7/7
   903 | D:5      | Entered Level 5 of the Dungeon
   931 | D:5      | Reached XP level 7. HP: 56/62 MP: 8/8
   994 | D:6      | Found a staircase to the Ecumenical Temple.
  1036 | D:6      | Found a stormy altar of Qazlal.
  1036 | D:6      | Reached *** piety under Jiyva
  1079 | D:6      | Found a glowing drain.
  1104 | Sewer    | Entered a sewer
  1181 | Sewer    | Found a white marble altar of Elyvilon.
  1361 | D:6      | Reached XP level 8. HP: 71/71 MP: 9/9
  1395 | D:6      | Found a glowing silver altar of Zin.
  1410 | D:6      | Gained mutation: Your flesh is cold resistant. (rC+)
                  | [Jiyva's grace]
  1410 | D:6      | Gained mutation: Your flesh is very cold resistant. (rC++)
                  | [Jiyva's grace]
  1410 | D:6      | Gained mutation: Your flesh is almost immune to the effects
                  | of cold. (rC+++) [Jiyva's grace]
  1410 | D:6      | Gained mutation: You have a small jelly attached to you
                  | that may absorb projectiles. [Jiyva's grace]
  1539 | D:7      | Reached **** piety under Jiyva
  1858 | D:7      | Found a flagged portal.
  1876 | Bailey   | Entered a bailey
  1909 | Bailey   | Gained mutation: You passively map the area around you.
                  | [Meteoran growth]
  1909 | Bailey   | Reached XP level 9. HP: 29/81 MP: 10/10
  1960 | Bailey   | HP: 1/83 [spriggan/+0 spear (7)]
  1962 | Bailey   | Mangled by a spriggan

Illustrated notes

Levels and vault maps discovered:
D:1:      eino_arrival_water_cross, layout_basic, serial_forest,
          infiniplex_forest_clump_curved, infiniplex_forest_lined_corner,
          infiniplex_forest_clump_medium, infiniplex_forest_straight_2,
          infiniplex_forest_3_way, infiniplex_forest_3_way,
          infiniplex_forest_clump_diagonal, minmay_misc_feat_room
D:2:      layout_loops_ring, basic_ecumenical_altar, uniq_crazy_yiuf_cottage
D:3:      cheibrodos_greedy_goblins, layout_rooms, dreamdust_princess_bridge,
          small_statue_alley_b, uniq_grinder
D:4:      wander_river, layout_rooms, marbit_many_paths, ebering_ghost_sewer_d,
          corexii_hall_statues_x, minmay_mini_ossuary
D:5:      layout_basic, uniq_eustachio
D:6:      layout_basic, zin_statuary, nicolae_qazlal_general_emergency,
          minmay_temple_entry_trees, gup_sewer_entry_glass
D:7:      layout_gridville, enter_bailey_7
Bailey:   bailey_polearm_enchanted_keep_hellmonk, bailey

Skill      XL: |  1  2  3  4  5  6  7  8  9 |
---------------+----------------------------+-----
Fighting       | 4 5 6 8 9 |  9.0
Axes           | 3 5 6 8 9 |  9.4
Armour         | 4 |  4.0
Shields        | 4 |  4.0

Action                   |  1- 3 |  4- 6 |  7- 9 || total
-------------------------+-------+-------+-------++-------
Melee: War axe           |    63 |    89 |   124 ||   276
Throw: Dart              |       |       |     2 ||     2
Invok: Slimify           |       |       |     1 ||     1
       Oozemancy         |       |       |     1 ||     1
  Use: Potion            |     2 |       |     6 ||     8
       Scroll            |       |       |     5 ||     5
Armor: Scale mail        |    17 |    50 |    68 ||   135
Dodge: Dodged            |    15 |    31 |    49 ||    95
Block: Buckler           |    13 |    21 |    21 ||    55

Table legend: (Time is in decaauts)
 A = Elapsed time spent in this place.
 B = Non-inter-level travel time spent in this place.
 C = Inter-level travel time spent in this place.
 D = Time resting spent in this place.
 E = Time spent auto-exploring this place.
 F = Levels seen in this place.
 G = Mean time per level.
                   A        B        C        D        E       F      G
               +--------+--------+--------+--------+--------+-----+--------+
         Total |   2094 |   1923 |    171 |      0 |    624 |   9 |  232.7 |
       Dungeon |   1743 |   1572 |    171 |      0 |    478 |   7 |  249.0 |
         Sewer |    258 |    258 |      0 |      0 |    146 |   1 |  258.0 |
        Bailey |     93 |     93 |      0 |      0 |      0 |   1 |   93.0 |
               +--------+--------+--------+--------+--------+-----+--------+

Top non-repeatable levels by time:
     D:7: 412 daAuts
     D:4: 317 daAuts
     D:6: 284 daAuts
     D:2: 280 daAuts
   Sewer: 258 daAuts
     D:1: 201 daAuts
     D:3: 162 daAuts
  Bailey: 93 daAuts
     D:5: 84 daAuts
